 Dungeon Crawl Stone Soup version 0.21.1 (webtiles) character file.

315 shakethe the Cudgeler (level 6, -3/61 HPs)
             Began as a Troll Berserker on Feb 5, 2018.
             Was a Priest of Trog.
             Slain by a gnoll
             ... wielding a +0 spear
              (5 damage)
             ... on level 4 of the Dungeon.
             The game lasted 00:07:59 (2766 turns).

shakethe the Cudgeler (Troll Berserker)             Turns: 2766, Time: 00:08:00

Health: -3/61      AC:  5    Str: 26    XL:     6   Next: 19%
Magic:  5/5        EV: 11    Int:  3    God:    Trog [***...]
Gold:   262        SH:  0    Dex: 11    Spells: 5/5 levels left

rFire    . . .     SeeInvis .   a - +0 mace
rCold    . . .     Gourm    +   (no shield)
rNeg     . . .     Faith    .   b - +0 animal skin
rPois    .         Spirit   .   (helmet restricted)
rElec    .         Reflect  .   (no cloak)
rCorr    .         Harm     .   (gloves unavailable)
MR       .....                  (boots unavailable)
Stlth    +.........             (no amulet)
HPRegen  0.60/turn              (no ring)
MPRegen  0.09/turn              (no ring)

@: berserk cooldown
A: large, unfitting armour, claws 3, fast metabolism 3, gourmand, regeneration
1, shaggy fur 1, tough skin 2
a: Berserk, Trog's Hand, Burn Spellbooks, Renounce Religion


You were on level 4 of the Dungeon.
You worshipped Trog.
Trog was most pleased with you.
You were very full.

You visited 1 branch of the dungeon, and saw 4 of its levels.

You collected 262 gold pieces.

Inventory:

Hand Weapons
 a - a +0 mace (weapon)
 h - a +0 dagger
 n - the +3 hunting sling "Toess" {velocity, rElec, unknown}
   (You found it on level 4 of the Dungeon)

   Any stone fired from it inflicts extra damage.
   It insulates you from electricity.
 o - a +0 vampiric short sword
Armour
 b - a +0 animal skin (worn)
 i - a +0 shield
Scrolls
 d - 4 scrolls of teleportation {unknown}
 e - a scroll of magic mapping {unknown}
 f - 5 scrolls of identify {unknown}
 k - a scroll of noise {unknown}
 l - a scroll of immolation {unknown}
 m - a scroll of enchant weapon {unknown}
Potions
 g - 2 potions of flight {unknown}
 j - a potion of curing {unknown}
Comestibles
 c - 9 rations


   Skills:
 + Level 3.5 Fighting
 * Level 4.8 Maces & Flails
 + Level 3.5 Dodging


You had 5 spell levels left.
You didn't know any spells.

Dungeon Overview and Level Annotations

Branches:
Dungeon (4/15)
 Temple: D:4-7

Altars:


Innate Abilities, Weirdness & Mutations

You are too large for most types of armour.
You have claws for hands.
Your metabolism is lightning-fast.
You like to eat raw meat.
Your natural rate of healing is unusually fast.
You are covered in fur. (AC +1)
You have very tough skin. (AC +2)


Message History

You closely miss the gnoll.
The gnoll is lightly wounded.
The gnoll hits you with a spear!
* * * LOW HITPOINT WARNING * * *
The giant cockroach barely misses you. The gnoll hits you with a spear.
* * * LOW HITPOINT WARNING * * *
The gnoll hits you with a spear.
* * * LOW HITPOINT WARNING * * *
The giant cockroach bites you but does no damage.
You hit the giant cockroach.
You kill the giant cockroach!
Trog accepts your kill.
You feel yourself speed up. The gnoll hits you with a spear.
* * * LOW HITPOINT WARNING * * *
The gnoll hits you with a spear.
* * * LOW HITPOINT WARNING * * *
The gnoll barely misses you. The gnoll hits you but does no damage.
The gnoll hits you from afar with a spear.
You die...

##.## #.# #. ##.# #.
...# ##.## #### #...# #
#.#.# . ## #...## ...
.###########..g####.....
..............g.@.'.....
.###########...####.....
## #...## ... # #.### .
# #. # #. # #. #.


You could see 2 gnolls.

Vanquished Creatures
  A scorpion (D:4)
  A wyvern skeleton (D:4)
  Jessica (D:3)
  A worker ant (D:4)
  2 gnolls (D:4)
  5 adders
  A worm (D:4)
  2 dart slugs (D:1)
  The ghost of letownia3 the Magician, a weakling DsWz (D:3)
  6 leopard geckos
  An orc (D:3)
  A ball python (D:2)
  8 bats
  5 giant cockroaches
  11 goblins
  2 hobgoblins
  13 jackals
  3 quokkas (D:3)
  4 frilled lizards
  6 kobolds
  10 rats
85 creatures vanquished.

Notes
Turn   | Place    | Note
-------+----------+-------------------------------------------
     0 | D:1      | shakethe the Troll Berserker began the quest for the Orb.
     0 | D:1      | Reached XP level 1. HP: 22/22 MP: 0/0
    80 | D:1      | Reached XP level 2. HP: 29/29 MP: 1/1
   137 | D:1      | Reached skill level 3 in Maces & Flails
   535 | D:1      | Reached ** piety under Trog
   541 | D:1      | Reached XP level 3. HP: 36/36 MP: 2/2
   996 | D:2      | Reached XP level 4. HP: 31/44 MP: 3/3
  1513 | D:3      | Noticed Jessica
  1518 | D:3      | Killed Jessica
  1518 | D:3      | Reached skill level 4 in Maces & Flails
  1553 | D:3      | Noticed letownia3's ghost (weakling DsWz)
  1571 | D:3      | Killed letownia3's ghost
  1739 | D:3      | Reached XP level 5. HP: 53/53 MP: 4/4
  2210 | D:4      | Got a slimy hunting sling
  2633 | D:4      | Reached *** piety under Trog
  2633 | D:4      | Reached XP level 6. HP: 42/61 MP: 5/5
  2765 | D:4      | HP: 2/61 [gnoll/spear (3)]
  2766 | D:4      | Slain by a gnoll

Skill      XL: |  1  2  3  4 |
---------------+-------------+-----
Maces & Flails | 3 4 |  4.8
Dodging        | 3 |  3.5
Fighting       | 3 |  3.5

Action                   |  1- 3 |  4- 6 || total
-------------------------+-------+-------++-------
Melee: Mace              |    95 |   177 ||   272
Invok: Berserk           |     1 |     2 ||     3
       Trog's Hand       |       |     1 ||     1
  Eat: Chunk             |    12 |    21 ||    33
Armor: Animal skin       |    89 |   103 ||   192
Dodge: Dodged            |   113 |   182 ||   295
